 Dungeon Crawl Stone Soup version 0.28.0-43-g3370ac3207 (webtiles) character file.

Game seed: 17819851137320510055

301 Eitelfritz the Cudgeller (level 6, -1/51 HPs)
             Began as a Minotaur Gladiator on Mar 16, 2022.
             Slain by Duvessa
             ... wielding a +1 short sword of flaming
              (12 damage)
             ... on level 4 of the Dungeon.
             The game lasted 00:04:05 (3260 turns).

Eitelfritz the Cudgeller (Minotaur Gladiator)       Turns: 3260, Time: 00:04:06

Health: -1/51      AC:  6    Str: 18    XL:     6   Next: 14%
Magic:  5/5        EV: 11    Int:  7    God:
Gold:   250        SH:  0    Dex: 12    Spells: 5/5 levels left

rFire   . . .      SeeInvis .   a - +0 flail
rCold   + . .      Faith    .   (no shield)
rNeg    . . .      Spirit   .   s - +0 scale mail
rPois   .          Reflect  .   c - +0 hat
rElec   .          Harm     .   (no cloak)
rCorr   .          Rampage  .   (no gloves)
Will    .....                   (no boots)
Stlth   ..........              (no amulet)
HPRegen 0.17/turn               o - ring of protection from cold
MPRegen 0.09/turn               (no ring)

@: lit by a corona, glowing
A: horns 2, retaliatory headbutt
a: no special abilities


You were on level 4 of the Dungeon.
You visited 1 branch of the dungeon, and saw 4 of its levels.

You collected 250 gold pieces.

Inventory:

Hand Weapons
 a - a +0 flail (weapon)
Missiles
 d - 3 throwing nets (quivered)
 p - 2 curare-tipped darts
Armour
 c - a +0 hat (worn)
 s - a +0 scale mail (worn)
Jewellery
 i - a ring of willpower
 o - a ring of protection from cold (left hand)
Scrolls
 e - 4 scrolls of identify {unknown}
 g - a scroll of fog {unknown}
 m - 3 scrolls of enchant armour {unknown}
 q - a scroll of magic mapping {unknown}
 r - a scroll of teleportation {unknown}
Potions
 f - a potion of might {unknown}
 h - a potion of heal wounds {unknown}
 j - a potion of attraction {unknown}
 k - 2 potions of magic {unknown}
 l - a potion of lignification {unknown}
 n - a potion of cancellation {unknown}


   Skills:
 + Level 3.4 Fighting
 + Level 6.4 Maces & Flails
 + Level 2.3 Throwing
 + Level 2.5 Armour
 + Level 4.3 Dodging
 + Level 0.1 Stealth


You had 5 spell levels left.
You didn't know any spells.
Your spell library contained the following spells:

 Spells                   Type           Power      Damage    Failure   Level
 Conjure Flame            Conj/Fire      0%         6-21      99%         3
 Ignite Poison            Fire/Tmut/Pois 0%         N/A       99%         3
 Sticky Flame             Conj/Fire      0%         2d3       100%        4


Dungeon Overview and Level Annotations

Branches:
Dungeon (4/15)
 Temple: D:4-7

Altars:
Gozag
Makhleb
Yredelemnul
The Shining One

Annotations:
D:4 2 transporters, Dowan, Duvessa


Innate Abilities, Weirdness & Mutations

You have a pair of horns on your head.
You reflexively headbutt those who attack you in melee.


Message History

You kill the endoplasm!
Dowan gestures at something while chanting.
Duvessa gestures with her weapon.
The worm bites you.
You sock the worm!
The worm is severely wounded.
You completely miss the worm. You headbutt the worm!
You kill the worm!
You barely miss Duvessa. You headbutt Duvessa.
Duvessa is lightly wounded.
Duvessa hits you with a +1 short sword of flaming.
Duvessa burns you.
Duvessa hits you with a +1 short sword of flaming!
Duvessa burns you.
Duvessa hits you with a +1 short sword of flaming!
Duvessa burns you.
Duvessa hits you with a +1 short sword of flaming.
Duvessa burns you.
Duvessa hits you with a +1 short sword of flaming.
Duvessa burns you.
* * * LOW HITPOINT WARNING * * *
Duvessa says, "My weaknesses are his strengths!"
Duvessa hits you with a +1 short sword of flaming!
* * * LOW HITPOINT WARNING * * *
Duvessa burns you.
* * * LOW HITPOINT WARNING * * *
It was a potion of curing.
You feel better.
Duvessa says, "When magic and the sword combine, nothing stands against them."
Duvessa hits you with a +1 short sword of flaming.
* * * LOW HITPOINT WARNING * * *
Duvessa burns you.
* * * LOW HITPOINT WARNING * * *
You feel better.
Duvessa hits you with a +1 short sword of flaming.
* * * LOW HITPOINT WARNING * * *
Duvessa burns you.
* * * LOW HITPOINT WARNING * * *
Duvessa says, "When magic and the sword combine, nothing stands against them."
Duvessa hits you with a +1 short sword of flaming!
You die...

§.§.#...#.§.§.§#
#######†#..
#####...####### ###
#....# ######.## ###
###.# ##.#.. .......#
#.#####.#.#### #####
#.##..#####............#
#.##.## #.........#.##.#
#.##.####.######e##.# #
..##.#...../.# #e##.# .#
#....#.......# #@##.##.#
##.###.......# #.......#
##.##.......# #.......#
#.##.......# ####.####
##.##.......# #.#
##.###.......# #.# #.##
######### #.# .## #.#
########### #†#


You could see Duvessa (fast) and Dowan.

Vanquished Creatures
  Menkaure (D:4)
  A scorpion (D:4)
  4 gnolls (D:2)
  3 adders
  An adder skeleton (D:4)
  A worm (D:4)
  A dart slug (D:4)
  3 ball pythons
  5 endoplasms
  2 giant cockroaches
  5 goblins
  8 hobgoblins
  4 jackals (D:4)
  A quokka (D:1)
  3 bats
  3 frilled lizards
  4 kobolds
  A rat (D:3)
51 creatures vanquished.

Notes
Turn   | Place    | Note
-------+----------+-------------------------------------------
     0 | D:1      | Eitelfritz the Minotaur Gladiator began the quest for the
                  | Orb.
     0 | D:1      | Reached XP level 1. HP: 18/18 MP: 0/0
   222 | D:1      | Reached XP level 2. HP: 20/25 MP: 1/1
   984 | D:2      | Reached skill level 4 in Maces & Flails
  1084 | D:2      | Reached XP level 3. HP: 23/30 MP: 2/2
  1272 | D:2      | Reached XP level 4. HP: 37/37 MP: 3/3
  1908 | D:3      | Reached skill level 1 in Armour
  1948 | D:3      | Found an opulent altar of Gozag.
  1986 | D:3      | Found a burning altar of Makhleb.
  2076 | D:3      | Found a faded altar of an unknown god.
  2566 | D:4      | Found a transporter.
  2568 | D:4      | Noticed Menkaure
  2573 | D:4      | Killed Menkaure
  2574 | D:4      | Reached skill level 5 in Maces & Flails
  2574 | D:4      | Reached XP level 5. HP: 45/45 MP: 4/4
  2650 | D:4      | Found a transporter.
  2663 | D:4      | Reached skill level 6 in Maces & Flails
  2663 | D:4      | Reached XP level 6. HP: 26/51 MP: 5/5
  3000 | D:4      | Found a glowing golden altar of the Shining One.
  3043 | D:4      | Found a basalt altar of Yredelemnul.
  3241 | D:4      | Noticed Duvessa
  3241 | D:4      | Noticed Dowan
  3260 | D:4      | Slain by Duvessa

Illustrated notes

Levels and vault maps discovered:
D:1:      nicolae_arrival_memento_mori, layout_loops_ring, minmay_tetromino_s2
D:2:      layout_basic
D:3:      layout_basic, old_standard_altar, mainiacjoe_overflow_six_doors_small,
          hellmonk_ecumenical_altar_pennies_from_heaven,
          amcnicky_mini_corridor_feature
D:4:      gammafunk_steamed_eel, layout_loops_cross,
          grunt_temple_overflow_holy_war, small_statue_intersection,
          uniq_menkaure, uniq_duvessa

Skill      XL: |  1  2  3  4  5 |
---------------+----------------+-----
Maces & Flails | 4 5 6 |  6.4
Dodging        | 4 |  4.3
Fighting       | 3 |  3.4
Armour         | 2 |  2.5
Throwing       | |  2.3
Stealth        | |  0.1

Action                   |  1- 3 |  4- 6 || total
-------------------------+-------+-------++-------
Melee: Flail             |    58 |    61 ||   119
       Headbutt          |     6 |    14 ||    20
       Punch             |       |     1 ||     1
  Use: Potion            |       |     2 ||     2
Armor: Leather armour    |     7 |       ||     7
       Ring mail         |     8 |    16 ||    24
       Scale mail        |       |     4 ||     4
Dodge: Dodged            |    36 |    35 ||    71
